 Dungeon Sprint DCSS version 0.29.1-2-gbd0b4ee654 (webtiles) character file.

Game seed: 14761057393267653429

1198 Zeld the Cleaver (level 8, -3/80 HPs)
             Began as a Minotaur Berserker on Oct 24, 2022.
             Was a Priest of Trog.
             Slain by Sonja
             ... wielding a +0 dagger of venom
              (5 damage)
             ... in the Dungeon (Sprint I: "Red Sonja").
             The game lasted 00:01:01 (1094 turns).

Zeld the Cleaver (Minotaur Berserker)               Turns: 1094, Time: 00:01:01

Health: -3/80      AC:  2    Str: 25    XL:     8   Next: 20%
Magic:  7/7        EV: 14    Int:  4    God:    Trog [***...]
Gold:   222        SH:  0    Dex:  9    Spells: 7/7 levels left

rFire   . . .      SeeInvis .   a - +0 hand axe
rCold   . . .      Faith    .   (no shield)
rNeg    . . .      Spirit   .   b - +0 animal skin
rPois   .          Reflect  .   (helmet restricted)
rElec   .          Harm     .   (no cloak)
rCorr   .          Rampage  .   (no gloves)
Will    ++...      NoTele   +   (no boots)
Stlth   +.........              (no amulet)
HPRegen 1.23/turn               (no ring)
MPRegen 0.10/turn               (no ring)

@: lethally poisoned (-3 -> -12), strong-willed, on berserk cooldown,
regenerating, slowed, very slow
A: horns 2, retaliatory headbutt
a: Renounce Religion, Berserk, Trog's Hand


You were in the Dungeon.
You worshipped Trog.
Trog was most pleased with you.
You visited 1 branch You collected 405 gold pieces.
You spent 183 gold pieces at shops.

Inventory:

Hand Weapons
 a - a +0 hand axe (weapon)
Armour
 b - a +0 animal skin (worn)
Wands
 i - a wand of flame (13)
Scrolls
 h - a scroll of blinking
 j - 2 scrolls of identify {unknown}
 k - a scroll of fog {unknown}
 l - a scroll of enchant weapon {unknown}
 m - a scroll of brand weapon {unknown}
Potions
 e - a potion of haste
 f - 2 potions of magic
 g - 2 potions of berserk rage
 n - 2 potions of degeneration {unknown}


   Skills:
 + Level 10.4 Fighting
 * Level 14.0 Axes
 + Level 10.1 Armour
 + Level 9.2 Dodging


You had 7 spell levels left.
You didn't know any spells.
Your spell library was empty.

Dungeon Overview and Level Annotations

Branches:
Dungeon (1/1)

Altars:
Cheibriados
Dithmenos
Elyvilon
Fedhas
Gozag
Hepliaklqana
Kikubaaqudgha
Makhleb
Nemelex Xobeh
Okawaru
Qazlal
Ru
Sif Muna
Trog
Uskayaw
Vehumet
Wu Jian
Xom
Yredelemnul
Zin
The Shining One
Jiyva
Lugonu

Shops:
D *

Annotations:
D Sonja


Innate Abilities, Weirdness & Mutations

You have a pair of horns on your head.
You reflexively headbutt those who attack you in melee.


Message History

You feel extremely sick. Sonja closely misses you.
Sonja hits you with a +0 dagger of venom.
* * * LOW HITPOINT WARNING * * *
Sonja hits you with a +0 dagger of venom.
* * * LOW HITPOINT WARNING * * *
You are lethally poisoned!
Sonja hits you with a +0 dagger of venom.
* * * LOW HITPOINT WARNING * * *
You are more poisoned.
Sonja hits you with a +0 dagger of venom.
* * * LOW HITPOINT WARNING * * *
Sonja hits you with a +0 dagger of venom.
* * * LOW HITPOINT WARNING * * *
You are more poisoned.
You feel better.
Sonja zaps a wand.
You resist with almost no effort.
Sonja hits you with a +0 dagger of venom.
* * * LOW HITPOINT WARNING * * *
You are poisoned.
Sonja hits you but does no damage. Sonja closely misses you.
Unknown command.
Unknown command.
Unknown command.
You don't have any such object.
Evoke which item? (* to show all) (? for menu, Esc to quit)
Okay, then.
Unknown command.
Aiming: Throw Flame
Press: ? - help, Shift-Dir - straight line, f/p - Sonja
Aim: Sonja, wielding a +0 dagger of venom, quivering curare-tipped darts and carrying a wand of polymorph (6) (heavily wounded, 25% to hit)
The puff of flame hits Sonja.
Sonja is heavily wounded.
You feel very sick.
Sonja hits you with a +0 dagger of venom.
* * * LOW HITPOINT WARNING * * *
Sonja hits you with a +0 dagger of venom.
* * * LOW HITPOINT WARNING * * *
You are more poisoned.
Sonja hits you with a +0 dagger of venom.
You die...

##########################
#<.#..').#.)'..#__#..')..#
#..)..#..'..#..'..'..#)..#
#..#####'#####'#__####...+
#..####..#...#.#### #####
#..#__####..##.#
#..#_____##'#_.+
#⌠⌠#_.∩...÷..._#
####_..__##_@#'#
#_____###K#[# #######
#.### $.$ $.$ ##.## #+#


You could see Sonja.

Vanquished Creatures
  2 kobold demonologists (D)
  A slime creature (D)
  Sigmund (D)
  A yak (D)
  A floating eye (D)
  An ogre (D)
  A jelly (D)
  Ijyb (D)
9 creatures vanquished.

Notes
Turn   | Place    | Note
-------+----------+-------------------------------------------
     0 | D        | Zeld the Minotaur Berserker began the quest for the Orb.
     0 | D        | Reached XP level 1. HP: 19/19 MP: 0/0
     1 | D        | Noticed Ijyb
     5 | D        | Killed Ijyb
     6 | D        | Reached skill level 5 in Axes
     6 | D        | Reached XP level 2. HP: 28/28 MP: 1/1
   143 | D        | Noticed an ogre
   146 | D        | Killed an ogre
   147 | D        | Reached skill level 7 in Axes
   147 | D        | Reached skill level 5 in Armour
   147 | D        | Reached XP level 3. HP: 37/37 MP: 2/2
   147 | D        | Reached XP level 4. HP: 44/44 MP: 3/3
   282 | D        | Noticed Sigmund
   291 | D        | Killed Sigmund
   291 | D        | Reached ** piety under Trog
   292 | D        | Reached skill level 10 in Axes
   292 | D        | Reached XP level 5. HP: 52/52 MP: 4/4
   292 | D        | Reached XP level 6. HP: 60/60 MP: 5/5
   357 | D        | Found a burning altar of Makhleb.
   357 | D        | Found a viscous altar of Jiyva.
   357 | D        | Found a shimmering altar of Xom.
   357 | D        | Found a corrupted altar of Lugonu.
   357 | D        | Noticed a slime creature
   361 | D        | Killed a slime creature
   362 | D        | Reached skill level 11 in Axes
   499 | D        | Noticed a kobold demonologist
   499 | D        | Noticed a floating eye
   499 | D        | Noticed a kobold demonologist
   501 | D        | Paralysed by a floating eye for 4 turns
   505 | D        | Noticed a hellwing
   506 | D        | Noticed a chaos spawn
   506 | D        | Killed a floating eye
   507 | D        | Reached skill level 12 in Axes
   507 | D        | Reached XP level 7. HP: 69/69 MP: 6/6
   508 | D        | Noticed a chaos spawn
   508 | D        | Killed a kobold demonologist
   508 | D        | Reached *** piety under Trog
   509 | D        | Reached skill level 13 in Axes
   511 | D        | Killed a kobold demonologist
   512 | D        | Reached skill level 10 in Fighting
   512 | D        | Reached XP level 8. HP: 79/79 MP: 7/7
   631 | D        | Found an ornate altar of the Wu Jian Council.
   631 | D        | Found a shimmering blue altar of Sif Muna.
   633 | D        | Found a radiant altar of Vehumet.
   760 | D        | Found Luneipne's Assorted Antiques.
   760 | D        | Found an ancient bone altar of Kikubaaqudgha.
   760 | D        | Found a hazy altar of Hepliaklqana.
   760 | D        | Found a hide-covered altar of Uskayaw.
   760 | D        | Found a basalt altar of Yredelemnul.
   760 | D        | Found an opulent altar of Gozag.
   760 | D        | Found a snail-covered altar of Cheibriados.
   760 | D        | Found a sacrificial altar of Ru.
   760 | D        | Found a shadowy altar of Dithmenos.
   762 | D        | Found a stormy altar of Qazlal.
   762 | D        | Found a blossoming altar of Fedhas.
   762 | D        | Found a bloodstained altar of Trog.
   762 | D        | Found an iron altar of Okawaru.
   762 | D        | Found a glowing golden altar of the Shining One.
   762 | D        | Found a glowing silver altar of Zin.
   762 | D        | Found a white marble altar of Elyvilon.
   767 | D        | Reached **** piety under Trog
   768 | D        | Reached skill level 14 in Axes
   768 | D        | Reached skill level 10 in Armour
   769 | D        | Found a sparkling altar of Nemelex Xobeh.
  1065 | D        | Bought a scroll labelled MATHRE CUZEULY for 27 gold pieces
  1065 | D        | Bought a scroll labelled ULOQUG WALANN for 27 gold pieces
  1065 | D        | Bought a scroll labelled IBOCAR EXISM for 27 gold pieces
  1065 | D        | Bought a scroll labelled OLADAI LASINO ULUL for 27 gold
                  | pieces
  1065 | D        | Bought 2 green potions for 48 gold pieces
  1065 | D        | Bought a scroll labelled MATHRE CUZEULY for 27 gold pieces
  1077 | D        | Noticed Sonja
  1094 | D        | HP: 2/80 [Sonja/+0 dagger of venom (5)]
  1094 | D        | Slain by Sonja

Illustrated notes

Levels and vault maps discovered:
D:        dungeon_sprint_1 [red_sonja_temple_1, red_sonja_temple_small_1]

Skill      XL: |  1  2  3  4  5  6  7  8 |
---------------+-------------------------+-----
Fighting       | 4 6 7 8 10 | 10.4
Axes           | 5 7 10 12 13 14 | 14.0
Armour         | 3 5 7 8 9 10 | 10.1
Dodging        | 3 4 6 7 9 |  9.2

Action                   |  1- 3 |  4- 6 |  7- 9 || total
-------------------------+-------+-------+-------++-------
Melee: Hand axe          |     4 |    11 |    21 ||    36
       Headbutt          |       |     2 |     3 ||     5
       Punch             |       |     1 |       ||     1
Invok: Berserk           |     2 |     3 |     1 ||     6
       Trog's Hand       |       |       |     1 ||     1
Evoke: Wand              |       |       |     2 ||     2
  Use: Potion            |       |       |     2 ||     2
Armor: Animal skin       |       |     1 |     1 ||     2
Dodge: Dodged            |     1 |     4 |    17 ||    22
